 Dungeon Crawl Stone Soup version 0.29-a0-322-g68df515 (webtiles) character file.

Game seed: 240267200919371675

242 Toastz the Insei (level 6, 0/42 HPs)
             Began as an Octopode Transmuter on Apr 7, 2022.
             Slain by an orc
             ... wielding a +0 morningstar
              (7 damage)
             ... on level 3 of the Dungeon.
             The game lasted 00:12:09 (3740 turns).

Toastz the Insei (Octopode Transmuter)              Turns: 3740, Time: 00:12:10

Health: 0/42       AC:  1    Str: 10    XL:     6   Next: 9%
Magic:  9/9        EV: 13    Int: 15    God:
Gold:   125        SH:  0    Dex: 14    Spells: 6/9 levels left

rFire   . . .      SeeInvis .     - Unarmed
rCold   . . .      Faith    .   (no shield)
rNeg    . . .      Spirit   .   (helmet restricted)
rPois   .          Reflect  .   (no amulet)
rElec   .          Harm     .   (no ring)
rCorr   .          Rampage  .   (no ring)
Will    .....                   (no ring)
Stlth   ++........              (no ring)
HPRegen 0.14/turn               (no ring)
MPRegen 0.11/turn               (no ring)
                                (no ring)
                                (no ring)

@: no status effects
A: almost no armour, amphibious, 8 rings, camouflage 1, gelatinous body 1,
(nimble swimmer 1), tentacles
a: no special abilities


You were on level 3 of the Dungeon.
You visited 1 branch of the dungeon, and saw 3 of its levels.

You collected 125 gold pieces.

Inventory:

Missiles
 j - 74 stones (quivered)
 m - 5 poisoned darts
Armour
 b - the +5 kite shield "Baigrobe" {Int+2 Dex+4}
   (You acquired it on level 2 of the Dungeon)

   Int:       It affects your intelligence (+2).
   Dex:       It affects your dexterity (+4).
Wands
 i - a wand of polymorph (8)
Scrolls
 d - a scroll of noise {unknown}
 g - a scroll of teleportation {unknown}
 k - a scroll of fear
 n - a scroll of holy word {unknown}
Potions
 a - a potion of lignification
 c - 2 potions of mutation {unknown}
 e - a potion of resistance {unknown}
 f - a potion of brilliance {unknown}
 h - 3 potions of heal wounds
 l - 3 potions of curing


   Skills:
 - Level 3.0 Fighting
 - Level 2.0 Dodging
 * Level 5.5 Unarmed Combat
 - Level 2.0 Spellcasting
 + Level 2.7 Transmutations


You had 6 spell levels left.
You knew the following spells:

 Your Spells              Type           Power      Damage    Failure   Level
a - Beastly Appendage     Tmut           18%        N/A       8%          1
b - Wereblood             Tmut           9%         N/A       11%         2

Your spell library contained the following spells:

 Spells                   Type           Power      Damage    Failure   Level
 Freeze                   Ice            4%         1d3       22%         1
 Spider Form              Tmut/Pois      5%         N/A       36%         3
 Frozen Ramparts          Ice            2%         1d2       54%         3
 Ice Form                 Ice/Tmut       5%         N/A       77%         4
 Hailstorm                Conj/Ice       1%         3d3       91%         4


Dungeon Overview and Level Annotations

Branches:
Dungeon (3/15)

Altars:


Innate Abilities, Weirdness & Mutations

You cannot wear most types of armour.
You are amphibious.
You can wear up to eight rings at the same time.
Your skin changes colour to match your surroundings (Stealth+).
Your rubbery body absorbs attacks. (AC +1, EV +1)
((You are camouflaged when in or above water. (Stealth+)))
You have tentacles for arms and can constrict up to eight enemies at once.


Message History

You barely miss the goblin. Your grab misses the goblin.
Your squeeze misses the goblin. You tentacle-slap the goblin.
You kill the goblin!
Your transformation is almost over.
There is an open door here.
You see here a +0 club.
The orc shouts!
You hear some strange, mumbled words.
Something tries to affect you, but you resist.
The orc barely misses you.
You closely miss the orc. You grab the orc. You constrict the orc.
You hear some strange, mumbled words.
Something tries to affect you, but you resist.
The orc hits you with a +0 short sword.
You tentacle-slap the orc.
You pierce the orc.
You kill the orc!
Something hits you.
You hear some strange, mumbled words.
A puff of flame appears from out of thin air!
The puff of flame hits you! The orc attacks as you move away!
The orc hits you with a +0 morningstar!
A magic dart appears from out of thin air!
The magic dart hits you.
* * * LOW HITPOINT WARNING * * *
Things that are here:
a +0 short sword; an orc corpse
There is an open door here.
You see here a +0 club.
The orc attacks as you move away! The orc barely misses you.
Your tentacle spike disappears.
The orc attacks as you move away! The orc barely misses you.
The orc attacks as you move away! The orc misses you.
The orc attacks as you move away! The orc hits you with a +0 morningstar.
* * * LOW HITPOINT WARNING * * *
The orc attacks as you move away! The orc hits you with a +0 morningstar.
* * * LOW HITPOINT WARNING * * *
An orc wizard appears from thin air!
Reactivating autopickup.
The orc attacks as you move away! The orc hits you with a +0 morningstar!
You die...

....# #.......# #.#.# ....#
###.......# #.#.# #...#
#.........## #.#.# #...#
#..........####.#.# #...#
#...##..........#.# #...#
#...#...##..##..#.# ##.##
#...#......<##..#.#
#.#########...#.#.#....#..#.#
#.#..........oo@).#....#....#
#.#.###########.######..#...#
##.#.# #.............#
...#)###### #########...###
##..).....# ##..# #........#
#..# #........# ######..#
#........# #.......#
#<.......# #.......#


You could see an orc wizard and an orc.

Vanquished Creatures
  An orc priest (D:3)
  Jessica (D:3)
  Natasha (thrice) (D:3)
  3 adders (D:2)
  2 dart slugs (D:2)
  A worm (D:2)
  4 orcs (D:3)
  6 ball pythons
  9 endoplasms
  9 goblins
  2 hobgoblins
  11 jackals
  6 bats
  8 frilled lizards
  6 kobolds
  3 rats
75 creatures vanquished.

Notes
Turn   | Place    | Note
-------+----------+-------------------------------------------
     0 | D:1      | Toastz the Octopode Transmuter began the quest for the Orb.
     0 | D:1      | Reached XP level 1. HP: 13/13 MP: 3/3
   439 | D:1      | Reached XP level 2. HP: 6/18 MP: 3/5
   639 | D:1      | Learned a level 2 spell: Wereblood
  1201 | D:1      | Reached XP level 3. HP: 23/24 MP: 2/6
  1614 | D:2      | Reached skill level 4 in Unarmed Combat
  1804 | D:2      | Identified a scroll of acquirement
  1804 | D:2      | Acquired the +5 kite shield "Baigrobe" {Int+2 Dex+4}
  1819 | D:2      | Reached XP level 4. HP: 19/29 MP: 5/7
  2414 | D:2      | Found a faded altar of an unknown god.
  2748 | D:3      | Noticed Natasha
  2754 | D:3      | Killed Natasha
  2755 | D:3      | Reached XP level 5. HP: 23/35 MP: 4/8
  2917 | D:3      | Noticed Natasha
  2929 | D:3      | Killed Natasha
  2930 | D:3      | Reached skill level 5 in Unarmed Combat
  2940 | D:3      | Noticed Natasha
  2949 | D:3      | Killed Natasha
  3345 | D:3      | Noticed Jessica
  3353 | D:3      | Killed Jessica
  3354 | D:3      | Reached XP level 6. HP: 42/42 MP: 7/9
  3461 | D:3      | Identified the +1 hand axe "Guit" {vorpal, *Noise rF++
                  | Dex+7}
  3740 | D:3      | Slain by an orc

Illustrated notes

Levels and vault maps discovered:
D:1:      lightli_arrival_statuegarden, layout_loops_ring,
          dreamdust_mushroom_princess
D:2:      layout_rooms, hellmonk_ecumenical_altar_inner_sanctum
D:3:      layout_basic, uniq_terence, uniq_jessica, uniq_natasha

Skill      XL: |  1  2  3  4  5 |
---------------+----------------+-----
Fighting       | 2 3 |  3.0
Unarmed Combat | 4 5 |  5.5
Dodging        | |  2.0
Spellcasting   | |  2.0
Transmutations | |  2.7

Action                   |  1- 3 |  4- 6 || total
-------------------------+-------+-------++-------
Melee: Unarmed           |    81 |    75 ||   156
       Constrict         |    17 |    25 ||    42
       Kick              |    12 |    24 ||    36
       Tentacles         |    13 |    11 ||    24
       Punch             |     1 |     1 ||     2
Throw: Stone             |       |    14 ||    14
 Cast: Beastly Appendage |    14 |    25 ||    39
       Wereblood         |     2 |     1 ||     3
  Use: Scroll            |     2 |     3 ||     5
       Potion            |     1 |       ||     1
 Stab: Sleeping          |     2 |     3 ||     5
Armor: Skin              |     4 |     6 ||    10
Dodge: Dodged            |    52 |    35 ||    87

Table legend: (Time is in decaauts)
 A = Elapsed time spent in this place.
 B = Non-inter-level travel time spent in this place.
 C = Inter-level travel time spent in this place.
 D = Time resting spent in this place.
 E = Time spent auto-exploring this place.
 F = Levels seen in this place.
 G = Mean time per level.
                   A        B        C        D        E       F      G
               +--------+--------+--------+--------+--------+-----+--------+
         Total |   3732 |   3598 |    134 |   1150 |   1776 |   3 | 1244.0 |
       Dungeon |   3732 |   3598 |    134 |   1150 |   1776 |   3 | 1244.0 |
               +--------+--------+--------+--------+--------+-----+--------+

Top non-repeatable levels by time:
     D:1: 1745 daAuts
     D:3: 1013 daAuts
     D:2: 974 daAuts
